TOP OF THE 1ST |
Spokane Indians batting - Pitching for Lowell Spinners : RHP Austin O'Connor
|
Pitching: RHP Austin O'Connor
|
|
Batting: RHB Danny Odom
|
0-0: Ball 1-0: Ball 2-0: Foul Ball, location: 2F 2-1: SINGLE (Groundball, 4MS, EV 78.1 MPH) (infield hit)
|
Batting: RHB Josh Whitmore
|
0-0: Foul Ball, location: 2F 0-1: Ball 1-1: Ball 2-1: Foul Ball, location: 2F 2-2: Ball 3-2: Strikes out looking
|
Batting: LHB Nick Foutz
|
0-0: Ball 1-0: Ball 2-0: Called Strike 2-1: Foul Ball, location: 2F 2-2: Foul Ball, location: 2F 2-2: Ball 3-2: Fly out, F5 (Line Drive, 56D, EV 68.8 MPH)
|
Batting: RHB Austin Mickelson
|
0-0: Called Strike 0-1: Called Strike Danny Odom is caught stealing 2nd base 2-4
|
Top of the 1st over - 0 runs, 1 hit, 0 errors, 0 left on base; Spokane 0 - Lowell 0 |
BOTTOM OF THE 1ST |
Lowell Spinners batting - Pitching for Spokane Indians : RHP Victor Walshe
|
Pitching: RHP Victor Walshe
|
|
Batting: RHB Matt Parker
|
0-0: Ball 1-0: Ball 2-0: Ball 3-0: Called Strike 3-1: Fly out, F9 (Line Drive, 9LS, EV 94.4 MPH)
|
Batting: SHB Salvador Padilla
|
0-0: Ball 1-0: Called Strike 1-1: Foul Ball, location: 2F 1-2: Foul Ball, location: 2F 1-2: Foul Ball, location: 2F 1-2: Strikes out looking
|
Batting: RHB Xavier Joslin
|
0-0: Foul Ball, location: 2F 0-1: Ball 1-1: Foul Ball, location: 2F 1-2: Foul Ball, location: 2F 1-2: Ball 2-2: Strikes out looking
|
Bottom of the 1st over - 0 runs, 0 hits, 0 errors, 0 left on base; Spokane 0 - Lowell 0 |
TOP OF THE 2ND |
Spokane Indians batting - Pitching for Lowell Spinners : RHP Austin O'Connor
|
Batting: RHB Austin Mickelson
|
0-0: Called Strike 0-1: Ball 1-1: Swinging Strike 1-2: Strikes out swinging
|
Batting: RHB Dennis Daniels
|
0-0: Ball 1-0: Swinging Strike 1-1: Foul Ball, location: 2F 1-2: Ground out 1-3 (Groundball, 13S, EV 67.5 MPH)
|
Batting: RHB Vinny Luna
|
0-0: Foul Ball, location: 2F 0-1: Foul Ball, location: 2F 0-2: Ball 1-2: SINGLE (Flyball, 9S, EV 90.6 MPH)
|
Batting: LHB Casper Kersten
|
0-0: Called Strike 0-1: Hit by Pitch Vinny Luna to second
|
Batting: RHB Edwin Soto
|
0-0: Called Strike 0-1: Ball 1-1: Foul Ball, location: 2F 1-2: Fielders Choice at 2nd, 6-4 (Groundball, 6, EV 78.8 MPH)
|
Top of the 2nd over - 0 runs, 1 hit, 0 errors, 2 left on base; Spokane 0 - Lowell 0 |
BOTTOM OF THE 2ND |
Lowell Spinners batting - Pitching for Spokane Indians : RHP Victor Walshe
|
Batting: RHB Tony Gallegos
|
0-0: Called Strike 0-1: Foul Ball, location: 2F 0-2: Ball 1-2: Foul Ball, location: 2F 1-2: Foul Ball, location: 2F 1-2: Foul Ball, location: 2F 1-2: Foul Ball, location: 2F 1-2: Ball 2-2: Foul Ball, location: 2F 2-2: Ground out 6-3 (Groundball, 6, EV 85.6 MPH)
|
Batting: RHB Mario Arriero
|
0-0: Called Strike 0-1: DOUBLE (Flyball, 8RD, EV 85.0 MPH)
|
Batting: RHB Mike Strey
|
0-0: Swinging Strike 0-1: Foul Ball, location: 2F 0-2: Strikes out swinging
|
Batting: RHB Willie Camacho
|
0-0: Called Strike 0-1: Ball 1-1: Ground out 5-3 (Groundball, 56S, EV 69.4 MPH)
|
Bottom of the 2nd over - 0 runs, 1 hit, 0 errors, 1 left on base; Spokane 0 - Lowell 0 |
TOP OF THE 3RD |
Spokane Indians batting - Pitching for Lowell Spinners : RHP Austin O'Connor
|
Batting: RHB Alex Vazquez
|
0-0: Called Strike 0-1: Ball 1-1: Ball 2-1: Foul Ball, location: 2F 2-2: SINGLE (Groundball, 6S, EV 69.4 MPH) (infield hit)
|
Batting: RHB Danny Odom
|
0-0: Called Strike 0-1: Ball 1-1: Foul Ball, location: 2F 1-2: Strikes out swinging
|
Batting: RHB Josh Whitmore
|
0-0: Foul Ball, location: 2F 0-1: Foul Ball, location: 2F 0-2: Ball 1-2: Strikes out swinging
|
Batting: LHB Nick Foutz
|
0-0: Ball Alex Vazquez is caught stealing 2nd base 2-6
|
Top of the 3rd over - 0 runs, 1 hit, 0 errors, 0 left on base; Spokane 0 - Lowell 0 |
BOTTOM OF THE 3RD |
Lowell Spinners batting - Pitching for Spokane Indians : RHP Victor Walshe
|
Batting: LHB Robert Gonzalez
|
0-0: Called Strike 0-1: Ball 1-1: TRIPLE (Flyball, 9D, EV 98.8 MPH)
|
Batting: RHB Rogelio Cervantes
|
0-0: Ball 1-0: Ball 2-0: Ball 3-0: Called Strike 3-1: Called Strike 3-2: SINGLE (Groundball, 4, EV 101.9 MPH) Robert Gonzalez scores
|
Batting: RHB Matt Parker
|
0-0: Ball Pickoff Throw to First - Error! E1 Rogelio Cervantes to second 1-0: Ground out U3 (Groundball, 3, EV 100.6 MPH) Rogelio Cervantes to third
|
Batting: SHB Salvador Padilla
|
0-0: Swinging Strike 0-1: Fly out, F7 (Flyball, 7, EV 85.6 MPH)
|
Batting: RHB Xavier Joslin
|
0-0: Ball 1-0: Swinging Strike 1-1: Ball 2-1: Foul Ball, location: 2F 2-2: Ground out 2-3 (Groundball, 15S, EV 65.6 MPH)
|
Bottom of the 3rd over - 1 run, 2 hits, 1 error, 1 left on base; Spokane 0 - Lowell 1 |
TOP OF THE 4TH |
Spokane Indians batting - Pitching for Lowell Spinners : RHP Austin O'Connor
|
Batting: LHB Nick Foutz
|
0-0: Called Strike 0-1: Called Strike 0-2: Ball 1-2: Fly out, F8 (Flyball, 8RXD, EV 103.1 MPH)
|
Batting: RHB Austin Mickelson
|
0-0: Ball 1-0: Swinging Strike 1-1: Foul Ball, location: 2F 1-2: Ball 2-2: Strikes out looking
|
Batting: RHB Dennis Daniels
|
0-0: Called Strike 0-1: Ball 1-1: Called Strike 1-2: Strikes out swinging
|
Top of the 4th over - 0 runs, 0 hits, 0 errors, 0 left on base; Spokane 0 - Lowell 1 |
BOTTOM OF THE 4TH |
Lowell Spinners batting - Pitching for Spokane Indians : RHP Victor Walshe
|
Batting: RHB Tony Gallegos
|
0-0: Ball 1-0: Fly out, F9 (Line Drive, 89M, EV 96.2 MPH)
|
Batting: RHB Mario Arriero
|
0-0: Ball 1-0: Ball 2-0: Called Strike 2-1: Ball 3-1: Ground out 6-3 (Groundball, 6, EV 85.6 MPH)
|
Batting: RHB Mike Strey
|
0-0: Ball 1-0: Foul Ball, location: 2F 1-1: Swinging Strike 1-2: Strikes out swinging
|
Bottom of the 4th over - 0 runs, 0 hits, 0 errors, 0 left on base; Spokane 0 - Lowell 1 |
TOP OF THE 5TH |
Spokane Indians batting - Pitching for Lowell Spinners : RHP Austin O'Connor
|
Batting: RHB Vinny Luna
|
0-0: Called Strike 0-1: Ball 1-1: Ball 2-1: Swinging Strike 2-2: Ball 3-2: Foul Ball, location: 2F 3-2: Base on Balls
|
Batting: LHB Casper Kersten
|
0-0: Ball Vinny Luna steals 2nd, throwing error, E2 Vinny Luna to third 1-0: Called Strike 1-1: SINGLE (Line Drive, 5D, EV 98.1 MPH) Vinny Luna scores
|
Batting: RHB Edwin Soto
|
0-0: Ball 1-0: Called Strike 1-1: Ball 2-1: Ball 3-1: Base on Balls Casper Kersten to second
|
Batting: RHB Alex Vazquez
|
0-0: Ball 1-0: Called Strike 1-1: Ball 2-1: Foul Ball, location: 2F 2-2: Fielders Choice at 2nd, 3-6 (Groundball, 34, EV 83.8 MPH) Casper Kersten to third
|
Batting: RHB Danny Odom
|
0-0: Ball 1-0: Foul Ball, location: 2F 1-1: Called Strike 1-2: Ball Alex Vazquez steals 2nd base (no throw) 2-2: Strikes out swinging
|
Pitching: RHP Jose Abanto
|
|
Pinch Hitting: LHB Sean Gingrich
|
0-0: Hit by Pitch
|
Batting: LHB Nick Foutz
|
0-0: Ball Wild Pitch! Casper Kersten scores Alex Vazquez to third Sean Gingrich to second 1-0: Swinging Strike 1-1: Ball 2-1: Called Strike 2-2: Foul Ball, location: 2F 2-2: Foul Ball, location: 2F 2-2: Ball 3-2: Strikes out looking
|
Top of the 5th over - 2 runs, 1 hit, 1 error, 2 left on base; Spokane 2 - Lowell 1 |
BOTTOM OF THE 5TH |
Lowell Spinners batting - Pitching for Spokane Indians : RHP Victor Walshe
|
Now at 1B: Jason Swisher
|
|
Batting: RHB Willie Camacho
|
0-0: Called Strike 0-1: Fly out, F8 (Flyball, 78D, EV 108.1 MPH)
|
Batting: LHB Robert Gonzalez
|
0-0: Foul Ball, location: 2F 0-1: Foul Ball, location: 2F 0-2: Ball 1-2: DOUBLE (Line Drive, 89D, EV 103.8 MPH)
|
Batting: RHB Rogelio Cervantes
|
0-0: Called Strike 0-1: Ball 1-1: Ball 2-1: Called Strike 2-2: Foul Ball, location: 2F 2-2: Foul Ball, location: 2F 2-2: Ball 3-2: Strikes out swinging
|
Batting: RHB Matt Parker
|
0-0: Called Strike 0-1: Ball 1-1: Ground out 5-3 (Groundball, 56, EV 92.5 MPH)
|
Bottom of the 5th over - 0 runs, 1 hit, 0 errors, 1 left on base; Spokane 2 - Lowell 1 |
TOP OF THE 6TH |
Spokane Indians batting - Pitching for Lowell Spinners : RHP Jose Abanto
|
Batting: RHB Austin Mickelson
|
0-0: Foul Ball, location: 2F 0-1: SINGLE (Flyball, 8RS, EV 96.2 MPH) - OUT at second base trying to stretch hit.
|
Batting: RHB Dennis Daniels
|
0-0: Swinging Strike 0-1: Ground out 6-3 (Groundball, 6, EV 88.8 MPH)
|
Batting: RHB Vinny Luna
|
0-0: Ball 1-0: SINGLE (Groundball, 6S, EV 70.6 MPH) (infield hit)
|
Batting: LHB Casper Kersten
|
0-0: Ball 1-0: Fielders Choice at 2nd, 5-6 (Groundball, 6, EV 85.6 MPH)
|
Top of the 6th over - 0 runs, 2 hits, 0 errors, 1 left on base; Spokane 2 - Lowell 1 |
BOTTOM OF THE 6TH |
Lowell Spinners batting - Pitching for Spokane Indians : RHP Victor Walshe
|
Batting: SHB Salvador Padilla
|
0-0: Ball 1-0: Called Strike 1-1: Ball 2-1: Foul Ball, location: 2F 2-2: Ball 3-2: Foul Ball, location: 2F 3-2: Fly out, F9 (Flyball, 89S, EV 86.9 MPH)
|
Pitching: LHP Mario Castro
|
|
Batting: RHB Xavier Joslin
|
0-0: Ball 1-0: Foul Ball, location: 2F 1-1: Swinging Strike 1-2: Ball 2-2: Strikes out swinging
|
Batting: RHB Tony Gallegos
|
0-0: Ball 1-0: Called Strike 1-1: Ball 2-1: Ball 3-1: Called Strike 3-2: Base on Balls
|
Batting: RHB Mario Arriero
|
0-0: Called Strike 0-1: Ball 1-1: Ball 2-1: Called Strike 2-2: Ball 3-2: Strikes out swinging
|
Bottom of the 6th over - 0 runs, 0 hits, 0 errors, 1 left on base; Spokane 2 - Lowell 1 |
TOP OF THE 7TH |
Spokane Indians batting - Pitching for Lowell Spinners : RHP Jose Abanto
|
Batting: RHB Edwin Soto
|
0-0: Foul Ball, location: 2F 0-1: Swinging Strike 0-2: Ground out 4-3 (Groundball, 4D, EV 86.9 MPH)
|
Batting: RHB Alex Vazquez
|
0-0: Called Strike 0-1: Swinging Strike 0-2: Ball 1-2: Foul Ball, location: 2F 1-2: Foul Ball, location: 2F 1-2: Fly out, F8 (Flyball, 8RXD, EV 100.6 MPH)
|
Batting: RHB Danny Odom
|
0-0: Called Strike 0-1: Ball 1-1: Foul Ball, location: 2F 1-2: Ball 2-2: Strikes out swinging
|
Top of the 7th over - 0 runs, 0 hits, 0 errors, 0 left on base; Spokane 2 - Lowell 1 |
BOTTOM OF THE 7TH |
Lowell Spinners batting - Pitching for Spokane Indians : LHP Mario Castro
|
Batting: RHB Mike Strey
|
0-0: Ball 1-0: Ball 2-0: Ball 3-0: Called Strike 3-1: Ground out 6-3 (Groundball, 6, EV 83.1 MPH)
|
Batting: RHB Willie Camacho
|
0-0: Called Strike 0-1: Swinging Strike 0-2: Foul Ball, location: 2F 0-2: Ball 1-2: Ball 2-2: Ball 3-2: Strikes out swinging
|
Pinch Hitting: RHB Guillermo Quintero
|
0-0: Called Strike 0-1: Ball 1-1: Swinging Strike 1-2: Foul Ball, location: 2F 1-2: Foul Ball, location: 2F 1-2: Foul Ball, location: 2F 1-2: Strikes out swinging
|
Bottom of the 7th over - 0 runs, 0 hits, 0 errors, 0 left on base; Spokane 2 - Lowell 1 |
TOP OF THE 8TH |
Spokane Indians batting - Pitching for Lowell Spinners : RHP Jose Abanto
|
Now in RF: Guillermo Quintero
|
|
Batting: RHB Jason Swisher
|
0-0: Ball 1-0: Ball 2-0: Foul Ball, location: 2F 2-1: Foul Ball, location: 2F 2-2: Strikes out looking
|
Pitching: LHP Roald van Erkel
|
|
Batting: LHB Nick Foutz
|
0-0: Ball 1-0: Ball 2-0: Called Strike 2-1: Ball 3-1: SINGLE (Line Drive, 4D, EV 98.1 MPH)
|
Pitching: LHP Jose Andujar
|
|
Batting: RHB Austin Mickelson
|
0-0: Swinging Strike Nick Foutz steals 2nd, throwing error, E2 Nick Foutz to third 0-1: Foul Ball, location: 2F 0-2: Strikes out looking
|
Batting: RHB Dennis Daniels
|
0-0: Ball 1-0: Foul Ball, location: 2F 1-1: Ball 2-1: Called Strike 2-2: Strikes out swinging
|
Top of the 8th over - 0 runs, 1 hit, 1 error, 1 left on base; Spokane 2 - Lowell 1 |
BOTTOM OF THE 8TH |
Lowell Spinners batting - Pitching for Spokane Indians : LHP Mario Castro
|
Now at 2B: Aaron Graham
|
|
Batting: RHB Rogelio Cervantes
|
0-0: Called Strike 0-1: Ball 1-1: Swinging Strike 1-2: SINGLE (Groundball, 6MD, EV 103.8 MPH)
|
Pitching: RHP O.D. Claussen
|
|
Batting: RHB Matt Parker
|
0-0: Sac Bunt to 13S - play at first, batter OUT! 1-3 Rogelio Cervantes to second
|
Batting: SHB Salvador Padilla
|
0-0: Foul Ball, location: 2F 0-1: Ball 1-1: Foul Ball, location: 2F 1-2: Strikes out swinging
|
Batting: RHB Xavier Joslin
|
0-0: Foul Ball, location: 2F 0-1: Foul Ball, location: 2F 0-2: Ball 1-2: Strikes out looking
|
Bottom of the 8th over - 0 runs, 1 hit, 0 errors, 1 left on base; Spokane 2 - Lowell 1 |
TOP OF THE 9TH |
Spokane Indians batting - Pitching for Lowell Spinners : LHP Jose Andujar
|
Batting: RHB Vinny Luna
|
0-0: Ball 1-0: Foul Ball, location: 2F 1-1: Ball 2-1: Swinging Strike 2-2: Foul Ball, location: 2F 2-2: Strikes out swinging
|
Pinch Hitting: RHB Sergio Godinez
|
0-0: SINGLE (Groundball, 6MS, EV 71.9 MPH) (infield hit)
|
Batting: RHB Edwin Soto
|
0-0: 2-RUN HOME RUN (Flyball, 7D, EV 95.6 MPH), Distance : 393 ft
|
Batting: RHB Alex Vazquez
|
0-0: Ball 1-0: Ball 2-0: Ball 3-0: Base on Balls
|
Batting: RHB Danny Odom
|
0-0: Called Strike 0-1: Ball 1-1: Ball Alex Vazquez is caught stealing 2nd base 2-4 2-1: Foul Ball, location: 2F 2-2: Foul Ball, location: 2F 2-2: Strikes out looking
|
Top of the 9th over - 2 runs, 2 hits, 0 errors, 0 left on base; Spokane 4 - Lowell 1 |
BOTTOM OF THE 9TH |
Lowell Spinners batting - Pitching for Spokane Indians : RHP O.D. Claussen
|
Pitching: LHP Chad Dominey
|
|
Now at 3B: Rick Concha
|
|
Batting: RHB Tony Gallegos
|
0-0: Ball 1-0: Swinging Strike 1-1: Ball 2-1: Foul Ball, location: 2F 2-2: Ball 3-2: Strikes out swinging
|
Batting: RHB Mario Arriero
|
0-0: Ball 1-0: Foul Ball, location: 2F 1-1: DOUBLE (Line Drive, 89D, EV 107.5 MPH)
|
Batting: RHB Mike Strey
|
0-0: Called Strike 0-1: Called Strike 0-2: Ball 1-2: Ball 2-2: Ball 3-2: Foul Ball, location: 2F 3-2: Fly out, F4 (Popup, 4, EV 65.0 MPH)
|
Batting: RHB Willie Camacho
|
0-0: Foul Ball, location: 2F 0-1: Ball 1-1: Foul Ball, location: 2F 1-2: Ball Passed Ball! Mario Arriero to third 2-2: Ground out 4-3 (Groundball, 4, EV 86.9 MPH)
|
Bottom of the 9th over - 0 runs, 1 hit, 0 errors, 1 left on base; Spokane 4 - Lowell 1 |
|